AoeStats
← rookister

Arena

507824718Analyzed
4v4 RM · 11d ago on Sep 19, 2026· 40m 4s· 8 players
Game mode
Random Map
Map size
Large (8 player)
Population
200
Speed
Normal
Resources
Standard
Victory
Conquest
Starting age
Dark Age
Ending age
Imperial Age
RankedLock teamsTeams togetherTeam positionsShared explorationLock speedFull tech treeHidden civsTurbo modeCheats
Victory
Defeat
🇫🇷 Portuguese · France
1067
+13
🇫🇷 Mongols · France
1057
+13
🇫🇷 Slavs · France
1050
+13
🇲🇽 Burgundians · Mexico
1030
+14
🇦🇷 Jurchens · Argentina
1074
-16
🇦🇷 Teutons · Argentina
1056
-15
🇵🇰 Inca · Pakistan
1033
-15
🇵🇰 Chinese · Pakistan
819
-7
Eclairock59
11:22 Feudal Age
11:00 Loom
15:59 Castle Age
14:17 Double-Bit Axe
14:31 Horse Collar
16:49 Bow Saw
22:56 Heavy Plow
33:24 Imperial Age
31:37 Wheelbarrow
36:01 Chemistry
36:42 Scale Mail Armor
36:53 Forging
36:16 Elite Organ Gun
36:59 Pikeman
37:44 Halberdier
40:03 Iron Casting
39:44 Chain Mail Armor
yuri0736
10:18 Feudal Age
14:56 Castle Age
13:24 Stone Mining
13:32 Fletching
14:43 Double-Bit Axe
15:12 Horse Collar
16:01 Loom
17:59 Wheelbarrow
18:07 Padded Archer Armor
21:08 Bodkin Arrow
21:42 Masonry
22:47 Bow Saw
23:08 Gold Mining
24:46 Fortified Wall
24:33 Town Watch
27:39 Hand Cart
28:22 Ballistics
29:27 Heavy Plow
32:05 Padded Archer Armor
36:38 Imperial Age
36:28 Leather Archer Armor
36:24 Thumb Ring
36:48 Onager
37:56 Drill
37:51 Siege Engineers
39:21 Chemistry
39:46 Parthian Tactics
DodoUltimo
12:03 Feudal Age
10:42 Double-Bit Axe
10:41 Horse Collar
12:32 Wheelbarrow
13:17 Bow Saw
13:08 Heavy Plow
14:21 Hand Cart
18:38 Castle Age
17:26 Gold Mining
18:16 Scale Barding Armor
18:22 Forging
20:09 Chain Barding Armor
19:42 Cavalier
21:37 Iron Casting
22:19 Husbandry
34:44 Imperial Age
35:13 Gold Shaft Mining
35:09 Crop Rotation
35:41 Two-Man Saw
34:48 Paladin
36:24 Loom
38:24 Town Watch
rudi.pollet.ci
11:45 Feudal Age
16:47 Castle Age
15:03 Double-Bit Axe
15:33 Stone Mining
15:55 Gold Mining
16:08 Horse Collar
21:30 Man-at-Arms
23:47 Wheelbarrow
24:03 Forging
23:41 Pikeman
24:58 Long Swordsman
27:45 Iron Casting
28:42 Scale Mail Armor
28:49 Scale Barding Armor
34:31 Imperial Age
32:17 Heavy Plow
32:31 Bow Saw
33:21 Chain Mail Armor
34:44 Onager
36:28 Blast Furnace
35:49 Capped Ram
35:53 Two-Handed Swordsman
36:48 Champion
37:03 Halberdier
38:09 Siege Onager
yeSenpai
10:54 Feudal Age
14:40 Castle Age
12:47 Double-Bit Axe
14:18 Horse Collar
14:56 Forging
22:08 Bow Saw
23:48 Gold Mining
27:13 Scale Mail Armor
27:49 Iron Casting
31:42 Loom
32:32 Wheelbarrow
34:33 Imperial Age
33:26 Scale Barding Armor
34:16 Chain Mail Armor
33:39 Pikeman
34:20 Squires
34:06 Arson
35:07 Halberdier
36:50 Blast Furnace
38:37 Conscription
rookister
11:25 Feudal Age
10:33 Loom
15:52 Castle Age
14:25 Double-Bit Axe
14:38 Horse Collar
18:26 Wheelbarrow
20:27 Fletching
20:39 Padded Archer Armor
21:40 Bodkin Arrow
23:51 Leather Archer Armor
38:27 Hand Cart
stink
10:53 Feudal Age
15:18 Castle Age
13:41 Double-Bit Axe
14:06 Horse Collar
16:15 Loom
17:58 Bow Saw
21:07 Scale Mail Armor
24:34 Chain Mail Armor
30:47 Imperial Age
30:56 Fletching
35:28 Elite Skirmisher
36:13 Thumb Ring
KGUY1
10:57 Feudal Age
12:42 Double-Bit Axe
13:05 Horse Collar
15:40 Castle Age
16:23 Loom
18:00 Bow Saw
18:12 Heavy Plow
21:00 Scale Barding Armor
20:52 Fletching
23:59 Fortified Bastions
27:42 Bodkin Arrow
28:58 Chain Barding Armor
32:33 Imperial Age
31:04 Wheelbarrow
30:14 Town Watch
32:50 Hand Cart
33:24 Ballistics
33:02 Murder Holes
33:17 Siege Engineers
37:24 Chemistry
36:43 Masonry
38:01 Thunderclap Bombs
39:16 Conscription
39:35 Hoardings
39:12 Padded Archer Armor
39:59 Architecture
39:49 Fortified Wall
40:18 Architecture
Connection lost

Rejoining the realm…

Still unreachable

The connection could not be restored.

Session expired

The server has moved on; the page needs a fresh start.